 Dungeon Crawl Stone Soup version 0.19.5 (webtiles) character file.

37 miragecloak the Changer (level 3, -4/23 HPs)
             Began as an Octopode Transmuter on May 3, 2017.
             Slain by Robin
             ... wielding a +0 club
              (5 damage)
             ... on level 2 of the Dungeon.
             The game lasted 00:01:03 (1531 turns).

miragecloak the Changer (Octopode Transmuter)       Turns: 1531, Time: 00:01:05

Health: -4/23      AC:  1    Str:  9    XL:     3   Next: 39%
Magic:  6/6        EV: 13    Int: 15    God:
Gold:   26         SH:  0    Dex: 13    Spells: 1 memorised, 5 levels left

rFire  . . .     SeeInvis .       - Unarmed
rCold  . . .     Gourm    .     (no shield)
rNeg   . . .     Faith    .     (helmet restricted)
rPois  .         Spirit   .     (no amulet)
rElec  .         Reflect  .     (no ring)
rCorr  .         Harm     .     (no ring)
MR     .....                    (no ring)
Stlth  ++........               (no ring)
                                (no ring)
                                (no ring)
                                (no ring)
                                (no ring)

@: starving
A: almost no armour, stealthy swim, amphibious, 8 rings, constrict 8, camouflage
1, gelatinous body 1
a: no special abilities


You were on level 2 of the Dungeon.
You were starving.

You visited 1 branch of the dungeon, and saw 2 of its levels.

You collected 26 gold pieces.

Inventory:

Missiles
 a - 24 arrows
Scrolls
 h - a scroll of recharging {unknown}
Potions
 e - a potion of heal wounds {unknown}
 g - a potion of flight {unknown}
Books
 b - a book of Changes

   Spells                             Type                      Level
   a - Beastly Appendage              Transmutation                1
   b - Sticks to Snakes               Transmutation                2
   c - Spider Form                    Transmutation/Poison         3
   d - Ice Form                       Ice/Transmutation            4
   e - Blade Hands                    Transmutation                5
Comestibles
 c - 3 bread rations
 d - a slice of pizza


   Skills:
 - Level 1.0 Fighting
 - Level 2.0 Dodging
 - Level 3.0 Unarmed Combat
 - Level 2.0 Spellcasting
 + Level 3.7 Transmutations


You had 5 spell levels left.
You knew the following spells:

 Your Spells              Type           Power        Failure   Level  Hunger
a - Beastly Appendage     Tmut           ##....       6%          1    #......


Dungeon Overview and Level Annotations

Branches:
Dungeon (2/15)

Altars:

Annotations:
D:2 Robin


Innate Abilities, Weirdness & Mutations

You cannot wear most types of armour.
You are very stealthy in the water. (Stealth+)
You are amphibious.
You can wear up to eight rings at the same time.
You can use your tentacles to constrict eight enemies at once.
Your skin changes colour to match your surroundings (Stealth+).
Your rubbery body absorbs attacks. (AC +1, EV +1)


Message History

You tentacle-slap the hobgoblin but do no damage.
The hobgoblin is moderately wounded.
You constrict the hobgoblin. The hobgoblin hits you.
You tentacle-slap the hobgoblin but do no damage.
The hobgoblin is severely wounded.
You constrict the hobgoblin.
You kill the hobgoblin!
You closely miss Robin. Your grab misses Robin. Robin hits you with a club.
* * * LOW HITPOINT WARNING * * *
You tentacle-slap Robin. Your grab misses Robin. You squeeze Robin.
Robin is heavily wounded.
You tentacle-slap Robin but do no damage.
You grab Robin. You squeeze Robin, but do no damage.
Robin is heavily wounded.
You constrict Robin. Robin hits you with a club.
* * * LOW HITPOINT WARNING * * *
You tentacle-slap Robin.
Robin is severely wounded.
You constrict Robin. Robin hits you with a club.
You die...

###g...##
#.....).#
#.###g..#
#.###...######
#.....g.......
#.######.#######
#.......†.......
########g#######
#...g(#@g.#
#.#######.# #g#
#.# #g# #g# #.#
#.# #)#######g#
#...g.g...#
#.#######.# #.#
#.#


You could see Robin.

Vanquished Creatures
  An ooze (D:1)
  3 dart slugs (D:1)
  3 bats (D:1)
  7 goblins
  5 hobgoblins
  2 frilled lizards (D:1)
  2 kobolds (D:1)
  A rat (D:1)
24 creatures vanquished.

Notes
Turn   | Place    | Note
-------+----------+-------------------------------------------
     0 | D:1      | miragecloak the Octopode Transmuter began the quest for the Orb.
     0 | D:1      | Reached XP level 1. HP: 13/13 MP: 3/3
   102 | D:1      | Reached XP level 2. HP: 8/18 MP: 3/5
   712 | D:1      | Reached XP level 3. HP: 22/23 MP: 4/6
  1250 | D:2      | Noticed Robin
  1530 | D:2      | HP: 1/23 [Robin/club (2)]
  1531 | D:2      | Slain by Robin

Skill      XL: |  1  2 |
---------------+-------+-----
Transmutations | 3 |  3.7
Fighting       | |  1.0
Dodging        | |  2.0
Unarmed Combat | |  3.0
Spellcasting   | |  2.0

Action                   || total
-------------------------++-------
Melee: Unarmed           ||    51
       Constrict         ||    15
       Kick              ||     6
       Tentacles         ||     9
 Cast: Beastly Appendage ||    17
 Stab: Sleeping          ||     3
Armor: Skin              ||     2
Dodge: Dodged            ||    21
